 Dungeon Crawl Stone Soup version 0.30-b1-2-g02819fbbbe (webtiles) character file.

Game seed: 12929232094847513247

26 nightchill the Poker (level 3, 27/28 HPs)
             Began as a Merfolk Gladiator on Jan 12, 2024.
             Quit the game on level 2 of the Dungeon.
             The game lasted 00:02:41 (862 turns).

nightchill the Poker (Merfolk Gladiator)             Turns: 862, Time: 00:02:42

Health: 27/28      AC:  8    Str: 14    XL:     3   Next: 8%
Magic:  3/3        EV: 12    Int:  7    God:
Gold:   84         SH:  0    Dex: 17    Spells: 2/2 levels left

rFire   . . .        a - +0 trident
rCold   . . .        (no shield)
rNeg    . . .        k - +0 ring mail
rPois   .            c - +0 helmet
rElec   .            (no cloak)
rCorr   .            n - +0 pair of gloves
SInv    .            l - +0 pair of boots
Will    .....        (no amulet)
Stlth   +            (no ring)
HPRegen 0.24/turn    (no ring)
MPRegen 0.08/turn

%: no passive effects
@: no status effects
A: (nimble swimmer 2), mertail
a: no special abilities


You were on level 2 of the Dungeon.
You visited 1 branch of the dungeon, and saw 2 of its levels.

You collected 84 gold pieces.

Inventory:

Hand Weapons
 a - a +0 trident (weapon)
Missiles
 d - 3 throwing nets (quivered)
 e - 4 javelins
Armour
 c - a +0 helmet (worn)
 k - a +0 ring mail (worn)
 l - a +0 pair of boots (worn)
 n - a +0 pair of gloves (worn)
Scrolls
 f - 2 scrolls of identify {unknown}
 h - a scroll of teleportation {unknown}
 j - a scroll of poison {unknown}
 m - a scroll of amnesia {unknown}
Potions
 b - a potion of lignification {unknown}
 g - a potion of magic {unknown}


   Skills:
 + Level 2.8 Fighting
 * Level 5.1 Polearms
 - Level 2.0 Throwing
 - Level 4.0 Dodging


You had 2 spell levels left.
You didn't know any spells.
Your spell library was empty.

Dungeon Overview and Level Annotations

Branches:
Dungeon (2/15)

Altars:


Innate Abilities, Weirdness & Mutations

((You are very nimble when in or above water. (Stealth+, EV+, Speed+++)))
Your lower body shifts to a powerful aquatic tail in water.


Message History

You barely miss the hobgoblin.
The hobgoblin is moderately wounded.
The hobgoblin closely misses you.
You hit the hobgoblin but do no damage.
The hobgoblin is moderately wounded.
The hobgoblin barely misses you.
You closely miss the hobgoblin.
The hobgoblin is moderately wounded.
The hobgoblin hits you.
You closely miss the hobgoblin.
The hobgoblin is moderately wounded.
The hobgoblin hits you.
* * * LOW HITPOINT WARNING * * *
You hit the hobgoblin.
You kill the hobgoblin!
You see here a hobgoblin corpse.
HP restored.
You now have 84 gold pieces (gained 10). 2 gnolls come into view.
The gnoll shouts! x2
A gnoll comes into view. It is wielding a +0 flail.
You hit the gnoll.
The gnoll is moderately wounded.
The gnoll barely misses you.
You hit the gnoll.
The gnoll is heavily wounded.
The gnoll hits you with a +0 whip.
You closely miss the gnoll.
The gnoll is heavily wounded.
The gnoll closely misses you.
You puncture the gnoll!
You kill the gnoll!
Your Polearms skill increases to level 5!
You have reached level 3!
Your experience leads to an increase in your attributes!
Increase (s)trength, (i)ntelligence, or (d)exterity?
You feel agile. x2
Your movement speed is average.
Your attack delay is about 1.0.
Your damage rating with your +0 trident is about 11 (Base 9 x 110% (Str) x 115% (Skill)).
Are you sure you want to abandon this character and quit the game? (Confirm with "yes".)

#..# #.# #.# #..# #.# #.#
#.. #..# #.# .# #.. #..#
#.# #.. #..# #.# #.. #..#
#.# ####.. #..#####†#
..... #....g.#.#
#####..###.###@#.#
...........# #.#.#
......g#######.#.########
.....#...................
...# ....#####.........##
.. .g. ###.#####.# #


gg.. #.# #.... #.# ..### ... You could see a gnoll.

Vanquished Creatures
  A gnoll (D:2)
  3 ball pythons (D:1)
  3 bats (D:1)
  An endoplasm (D:1)
  A goblin (D:2)
  A hobgoblin (D:2)
  2 jackals (D:1)
  2 kobolds (D:1)
14 creatures vanquished.

Notes
Turn   | Place    | Note
-------+----------+-------------------------------------------
     0 | D:1      | nightchill the Merfolk Gladiator began the quest for the
                  | Orb.
     0 | D:1      | Reached XP level 1. HP: 16/16 MP: 1/1
   162 | D:1      | Reached XP level 2. HP: 23/23 MP: 2/2
   862 | D:2      | Reached skill level 5 in Polearms
   862 | D:2      | Reached XP level 3. HP: 27/28 MP: 3/3
   862 | D:2      | Quit the game

Illustrated notes

Levels and vault maps discovered:
D:1:      reono_arrival_mine, layout_loops_cross, minmay_tromino_v2
D:2:      layout_basic, minmay_diced_spiral

Skill      XL: |  1  2 |
---------------+-------+-----
Polearms       | 5 |  5.1
Fighting       | |  2.8
Throwing       | |  2.0
Dodging        | |  4.0

Action                     || total
---------------------------++-------
  Melee: Trident           ||    49
 Armour: Leather armour    ||     9
         Ring mail         ||     4
  Dodge: Dodged            ||    30
